AoeStats
← aime_la

Arena

509604950Analyzed
2v2 RM · 4d ago on Sep 27, 2026· 57m 27s· 4 players
Game mode
Random Map
Map size
Medium (4 player)
Population
200
Speed
Normal
Resources
Standard
Victory
Conquest
Starting age
Dark Age
Ending age
Imperial Age
RankedLock teamsTeams togetherTeam positionsShared explorationLock speedFull tech treeHidden civsTurbo modeCheats
Victory
Defeat
855
+15
🇨🇳 Spanish · China
855
+15
🇩🇪 Romans · Germany
845
-15
🇷🇺 Japanese · Russia
839
-15
Solomo
4:30 Loom
11:25 Feudal Age
16:11 Castle Age
15:14 Double-Bit Axe
15:11 Horse Collar
16:33 Stone Mining
16:35 Gold Mining
19:12 Wheelbarrow
18:54 Bow Saw
26:42 Hand Cart
28:39 Town Watch
30:37 Scale Barding Armor
33:09 Gold Shaft Mining
32:57 Chain Barding Armor
32:39 Husbandry
32:57 Bloodlines
37:06 Imperial Age
38:49 Conscription
38:52 Ballistas
39:14 Heavy Scorpion
40:49 Caravan
41:00 Guilds
41:20 Coinage
42:14 Plate Barding Armor
41:40 Padded Archer Armor
41:30 Fletching
41:51 Forging
41:42 Scale Mail Armor
42:19 Elite Centurion
43:21 Comitatenses
43:05 Squires
42:25 Pikeman
42:30 Elite Skirmisher
43:13 Heavy Plow
47:14 Chain Mail Armor
47:35 Iron Casting
47:15 Leather Archer Armor
46:56 Bodkin Arrow
aime_la
1:56 Loom
11:56 Feudal Age
13:12 Horse Collar
14:30 Double-Bit Axe
16:28 Town Watch
19:01 Castle Age
16:59 Gold Mining
17:51 Forging
17:42 Scale Mail Armor
17:35 Fletching
18:05 Stone Mining
20:27 Town Watch
23:43 Iron Casting
24:23 Gold Shaft Mining
25:49 Fervor
26:47 Wheelbarrow
27:37 Bow Saw
28:36 Bodkin Arrow
28:55 Herbal Medicine
29:44 Murder Holes
30:44 Hand Cart
31:51 Fortified Wall
35:31 Imperial Age
36:14 Squires
36:00 Arson
36:21 Capped Ram
42:07 Yasama
44:29 Masonry
51:02 Thumb Ring
广智救我
10:21 Feudal Age
11:41 Wheelbarrow
12:03 Double-Bit Axe
13:48 Loom
17:34 Castle Age
15:30 Stone Mining
15:46 Horse Collar
18:42 Hand Cart
23:35 Bow Saw
23:46 Heavy Plow
25:42 Fervor
25:35 Gold Mining
28:51 Stone Shaft Mining
28:20 Padded Archer Armor
32:09 Imperial Age
30:18 Leather Archer Armor
30:11 Town Watch
31:06 Sanctity
32:19 Ballistics
33:20 Elite Conquistador
35:23 Ring Archer Armor
34:54 Scale Mail Armor
35:05 Forging
38:35 Conscription
38:51 Hoardings
38:40 Chain Mail Armor
39:16 Iron Casting
40:48 Two-Man Saw
42:05 Pikeman
42:46 Squires
43:49 Chemistry
42:47 Murder Holes
43:02 Masonry
46:38 Thumb Ring
46:31 Fletching
47:42 Blast Furnace
47:13 Plate Mail Armor
46:11 Elite Skirmisher
46:25 Halberdier
47:08 Bodkin Arrow
全都是党指导有方
1:56 Loom
9:53 Feudal Age
11:09 Wheelbarrow
10:20 Double-Bit Axe
18:03 Castle Age
17:00 Horse Collar
17:13 Gold Mining
22:28 Hand Cart
23:06 Bow Saw
23:32 Stone Mining
24:47 Heavy Plow
27:06 Corvinian Army
28:06 Gold Shaft Mining
27:20 Town Watch
28:49 Fletching
32:53 Imperial Age
31:00 Thumb Ring
31:51 Scale Barding Armor
31:42 Bodkin Arrow
32:18 Town Patrol
32:27 Murder Holes
35:47 Conscription
36:26 Chain Barding Armor
36:25 Bracer
37:14 Ballistics
37:58 Chemistry
36:56 Heavy Cavalry Archer
37:47 Padded Archer Armor
38:25 Parthian Tactics
38:54 Leather Archer Armor
39:16 Plate Barding Armor
38:49 Recurve Bow
39:24 Bloodlines
39:14 Husbandry
41:17 Ring Archer Armor
40:52 Elite Magyar Huszar
43:47 Scale Mail Armor
54:13 Caravan
Connection lost

Rejoining the realm…

Still unreachable

The connection could not be restored.

Session expired

The server has moved on; the page needs a fresh start.